Cogmind - Beta 12 @@@ ROGUE MODE // 2023.11.20 @ 09:53:37 Player: epb Result: Destroyed by G-47 Trooper with Particle Gun Performance ------------- Evolutions (0) 0 Regions Visited (2) 400 Robots Destroyed (9) 45 Value Destroyed (284) 284 Prototype IDs (0) 0 Alien Tech Used (0) 0 Bonus (0) 0 TOTAL SCORE: 729 Bonus ------- None Cogmind --------- Core Integrity 0/250 Matter 290/300 Energy 93/125 System Corruption 0% Temperature Cool (18) Movement Walking (120) Location -10/Mines Parts ------- > --- POWER (1) -------- Light Ion Engine > --- PROPULSION (2) --- Aluminum Leg Aluminum Leg > --- UTILITY (2) ------ Small Storage Unit ECM Suite > --- WEAPON (2) ------- EM Pulse Gun > --- INVENTORY (8) ---- Ion Engine Light Ion Engine Aluminum Leg Aluminum Leg Aluminum Leg Grenade Launcher Mini Grenade Launcher Peak State ------------ > --- POWER ------------ Ion Engine > --- PROPULSION ------- Aluminum Leg Aluminum Leg > --- UTILITY ---------- Small Storage Unit ECM Suite > --- WEAPON ----------- Medium Laser Light Assault Rifle > --- INVENTORY -------- Light Ion Engine Light Ion Engine Aluminum Leg Aluminum Leg Aluminum Leg EM Pulse Gun Grenade Launcher Mini Grenade Launcher [Rating: 7] Favorites ----------- Power Ion Engine Engine Ion Engine Propulsion Aluminum Leg Leg Aluminum Leg Utility Small Storage Unit Device ECM Suite Storage Small Storage Unit Weapon Light Assault Rifle Energy Gun Medium Laser Ballistic Gun Light Assault Rifle Build | -11 -10 -10 ------- Run | Jun Mat Min Slots Evolved . | . . . Power . | . . . Propulsion . | . . . Utility . | . . . Weapon . | . . . Parts Attached 11 | 6 4 1 Power 3 | 1 2 . Engine 3 | 1 2 . Core . | . . . Reactor . | . . . Propulsion 3 | 2 1 . Treads . | . . . Leg 3 | 2 1 . Wheel . | . . . Hover . | . . . Flight . | . . . Utility 2 | 1 1 . Device 1 | . 1 . Storage 1 | 1 . . Processor . | . . . Hackware . | . . . Protection . | . . . Artifact . | . . . Weapon 3 | 2 . 1 Energy Gun 2 | 1 . 1 Energy Cannon . | . . . Ballistic Gun 1 | 1 . . Ballistic Cannon . | . . . Launcher . | . . . Special Weapon . | . . . Impact Weapon . | . . . Slashing Weapon . | . . . Piercing Weapon . | . . . Special Melee Weapon . | . . . Unidentified Prototypes . | . . . Parts Lost 3 | . 1 2 Power 1 | . 1 . Propulsion . | . . . Utility . | . . . Weapon 2 | . . 2 Highest Loss Streak 2 | . 1 2 To Critical Strikes . | . . . Average Slot Usage (%) 96 | . 96 95 Engine 13 | . 13 14 Leg 28 | . 28 28 Device 11 | . 11 14 Storage 14 | . 14 14 Energy Gun 13 | . 14 9 Ballistic Gun 14 | . 14 14 Naked Turns . | . . . Heaviest Build 15 | 11 15 13 Greatest Support 20 | 20 20 20 Greatest Overweight (x) . | . . . Average Overweight (x) . | . . . Largest Inventory Capacity 8 | 8 8 8 Average Capacity 7 | 7 8 8 Most Carried 8 | 2 8 8 Average Carried 6 | 1 7 7 Final Capacity 8 | 8 8 8 Final Carried 8 | 2 8 7 Class Distribution -------------------- 100% | Mutant Dominant Class ---------------- Mutant | -10/Materials Mutant | -10/Mines Resources | -11 -10 -10 ----------- Run | Jun Mat Min Matter Collected 328 | 247 81 . Remotely . | . . . Salvage Created 295 | . 263 32 Parts 19 | . 17 2 Haulers Intercepted . | . . . Recyclers Shooed . | . . . Parts Field Recycled . | . . . Retrieved Matter . | . . . Parts Self-Destructed . | . . . Prevented . | . . . Kills | -11 -10 -10 ------- Run | Jun Mat Min Combat Hostiles Destroyed 9 | . 8 1 Guns 9 | . 8 1 Classes Destroyed 2 | . 2 . Swarmer 2 | . 2 . Grunt 7 | . 6 1 Best Kill Streak 4 | . 4 1 Combat Bots Only 4 | . 4 1 Max Kills in Single Turn 1 | . 1 1 Gunslinging . | . . . Exploded . | . . . Melee . | . . . Uniques/NPCs Destroyed . | . . . Combat | -11 -10 -10 -------- Run | Jun Mat Min Damage Taken 712 | . 624 88 Core 255 | . 242 13 Absorbed by Shields . | . . . Core Remaining (%) 100 | 100 . . Volleys Fired 38 | . 32 6 Largest 2 | . 2 2 Hottest 70 | . 70 70 Shots Fired 72 | . 64 8 Gun 72 | . 64 8 Cannon . | . . . Launcher . | . . . Special . | . . . Kinetic 36 | . 32 4 Thermal 34 | . 32 2 Explosive . | . . . Electromagnetic 2 | . . 2 Robot Hit Streak 13 | . 13 5 Robot Miss Streak 2 | . 2 1 Penetration Max . | . . . Secondary Targets . | . . . Shots Hit Robots 52 | . 45 7 Core Hits 22 | . 17 5 Critical Kills . | . . . Critical Parts Destroyed 1 | . 1 . Critical Strikes 3 | . 3 . Burn 2 | . 2 . Destroy 1 | . 1 . Melee Attacks . | . . . Impact . | . . . Slashing . | . . . Piercing . | . . . Sneak Attacks . | . . . Combat Hostiles . | . . . Follow-up Attacks . | . . . Damage Inflicted 531 | . 465 66 Guns 531 | . 465 66 Cannons . | . . . Explosions . | . . . Melee . | . . . Ramming . | . . . Kinetic 202 | . 177 25 Thermal 301 | . 288 13 Explosive . | . . . Electromagnetic 28 | . . 28 Impact . | . . . Slashing . | . . . Piercing . | . . . Highest Corruption . | . . . Average Corruption . | . . . Corruption Purged . | . . . Corruption Blocked . | . . . Overload Shots . | . . . Overflow Damage . | . . . Projectiles . | . . . Explosions . | . . . Melee . | . . . Knockbacks . | . . . Impact . | . . . Kinetic . | . . . Secondary . | . . . Self-Inflicted Damage . | . . . Shots . | . . . Rammed . | . . . Targets Rammed . | . . . Kicked . | . . . Crushed . | . . . Highest Temperature 309 | . 309 49 Average Temperature 101 | . 109 22 Received Heat Transfer 318 | . 264 54 Siege Activations . | . . . Robots Corrupted . | . . . Combat Hostiles . | . . . Parts Fried . | . . . Impact Corruptions . | . . . Robots Melted . | . . . Combat Hostiles . | . . . Parts Melted 1 | . 1 . Heat Transferred 1036 | . 999 37 Parts Sabotaged . | . . . Parts Stolen . | . . . Parts Stripped . | . . . Power Chain Reactions . | . . . Missiles Intercepted . | . . . Alert | -11 -10 -10 ------- Run | Jun Mat Min Peak Influence 165 | . 165 84 Initial 64 | . . 64 Average 69 | . 78 68 Maximum Alert Level . | . . . Low Security (%) 100 | 100 100 100 Level 1 . | . . . Level 2 . | . . . Level 3 . | . . . Level 4 . | . . . Level 5 . | . . . High Security . | . . . Max Security . | . . . Squads Dispatched . | . . . Investigation . | . . . Extermination . | . . . Reinforcement . | . . . Assault . | . . . Garrison . | . . . Intercept . | . . . Searches Triggered . | . . . Construction Impeded . | . . . Haulers Reinforced . | . . . Active Scanning Responses . | . . . Cargo Convoy Interrupts . | . . . Stealth | -11 -10 -10 --------- Run | Jun Mat Min Distress Signals 1 | . 1 . Communications Jammed . | . . . Distress Signals . | . . . Times Spotted 23 | . 21 2 Peak Tracking Total 6 | . 6 2 Tactical Retreats 4 | . 4 . Traps | -11 -10 -10 ------- Run | Jun Mat Min Traps Triggered 2 | . 2 . Indirectly . | . . . Trap Hack Attempts . | . . . Triggered . | . . . Disarmed . | . . . Reprogrammed . | . . . Reused . | . . . Traps Extracted . | . . . Installed . | . . . Triggered . | . . . Machines | -11 -10 -10 ---------- Run | Jun Mat Min Machines Disabled . | . . . Max in Single Turn . | . . . Machines Repaired . | . . . Machines Sabotaged . | . . . Overloaded Fab Kills . | . . . Hacking | -11 -10 -10 --------- Run | Jun Mat Min Machines Accessed 2 | . 2 . Terminals 2 | . 2 . Fabricators . | . . . Repair Stations . | . . . Recycling Units . | . . . Scanalyzers . | . . . Garrison Access . | . . . Total Hacks 5 | . 5 . Successful 2 | . 2 . Failed 3 | . 3 . Catastrophic 1 | . 1 . Database Lockouts . | . . . Manual . | . . . Terminals 5 | . 5 . Fabricators . | . . . Repair Stations . | . . . Recycling Units . | . . . Scanalyzers . | . . . Garrison Access . | . . . Terminal Hacks 2 | . 2 . Hauler Manifests 1 | . 1 . Registered Components 1 | . 1 . Fabricator Hacks . | . . . Repair Station Hacks . | . . . Recycling Unit Hacks . | . . . Scanalyzer . | . . . Garrison Access Hacks . | . . . Unauthorized Hacks . | . . . Terminals . | . . . Fabricators . | . . . Repair Stations . | . . . Recycling Units . | . . . Scanalyzers . | . . . Garrison Access . | . . . Data Cores Recovered . | . . . Used . | . . . Hacking Detections 1 | . 1 . Full Trace Events . | . . . Feedback Events . | . . . Feedback Blocked . | . . . Robot Schematics Acquired . | . . . Robots Built . | . . . Authchips . | . . . Time . | . . . Total Robot Build Rating . | . . . Part Schematics Acquired . | . . . Parts Built . | . . . Authchips . | . . . Time . | . . . Total Part Build Rating . | . . . Parts Repaired . | . . . Time . | . . . Parts Recycled . | . . . Recycled Matter . | . . . Retrieved Matter . | . . . Retrieved Components . | . . . Parts Scanalyzed . | . . . Part Schematics Acquired . | . . . Parts Damaged . | . . . Bothacking | -11 -10 -10 ------------ Run | Jun Mat Min Used RIF Installer . | . . . Robots Hacked . | . . . Non-combat . | . . . Combat . | . . . Robot Hacks Applied . | . . . Relay Couplers Released . | . . . Fabnet Peak Effective % . | . . . Robots Rewired . | . . . Allies Hacked . | . . . Hacks Repelled . | . . . Allies | -11 -10 -10 -------- Run | Jun Mat Min Total Allies . | . . . Largest Group . | . . . Highest-Rated Group . | . . . Highest-Rated Ally . | . . . Total Orders . | . . . Ally Attacks . | . . . Total Damage . | . . . Kills . | . . . Allies Corrupted . | . . . Allies Melted . | . . . Intel | -11 -10 -10 ------- Run | Jun Mat Min Robot Analysis Total . | . . . Derelict Logs Recovered . | . . . Drone Launches . | . . . Drone Recoveries . | . . . Exploration | -11 -10 -10 ------------- Run | Jun Mat Min Turns Passed 845 | 98 717 30 Spaces Moved 577 | 80 486 11 Core 12 | 12 . . Treads . | . . . Legs 565 | 68 486 11 Wheels . | . . . Hover . | . . . Flight . | . . . Fastest Speed 50 | 50 120 120 Average Speed 118 | 109 120 120 Slowest Speed 120 | 120 120 120 Overloaded Moves . | . . . Propulsion Burnouts . | . . . Robots Hopped . | . . . Cave-ins Triggered . | . . . Exploration Rate (%) 22 | 5 55 6 Regions Visited 2 Branch Regions 1 Pre-discovered Areas . | . . . Known Exits Taken . | . . . Unknown Exits Taken 2 | 1 1 . Scrap Searched . | . . . Spaces Dug . | . . . Terrain Destroyed . | . . . Melee . | . . . Projectile . | . . . AOE . | . . . Terrain Rammed . | . . . Walls Destroyed . | . . . Machines Disabled . | . . . Actions | -11 -10 -10 --------- Run | Jun Mat Min Total 670 | 87 562 21 Wait 35 | . 32 3 Move 575 | 79 485 11 Hop . | . . . Pick Up 9 | 2 7 . Fast Attach 7 | 6 1 . Attach 2 | . 1 1 Detach . | . . . Swap 2 | . 2 . Drop 2 | . 2 . Fire 38 | . 32 6 Melee . | . . . Ram . | . . . Kick . | . . . Crush . | . . . Escape Stasis . | . . . Rewire . | . . . Trap . | . . . Miscellaneous . | . . . Route ------- -11/Junkyard -10/Materials (discovered 2 exits: [*Mat] / [*Min]) -10/Mines History --------- Turn | Location | Event 6 | -11/Junkyard | Discovered new exit (range 16) 99 | -11/Junkyard | Entered Materials 167 | -10/Materials | Core integrity fell below 50% 306 | -10/Materials | Build established: Mutant 356 | -10/Materials | Discovered new exit (range 12) 635 | -10/Materials | Core integrity fell below 20% 765 | -10/Materials | Discovered new exit (range 14) 816 | -10/Materials | Entered Mines 846 | -10/Mines | Destroyed by G-47 Trooper with Particle Gun Last Messages --------------- 00799_ Connecting with Terminal... >>Manifests Retrieving manifest data... Found 2 haulers: A-02 Transporter 1x Beam Cannon 2x Med. Laser 2x Structural Scanner A-02 Transporter 1x Matter (50) 3x Lgt. Armor Plating LOCATION=UNKNOWN GOAL=ESCAPE 00817_ A derelict is hurriedly installing traps. 00819_ PX-GVZ(g): "Hehe, this'll put a wrench in their mining defense operations..." 00819_ PX-GVZ(g) slips into the shadows. 00832_ G-34 Mercenary destroyed. 00836_ Med. Laser destroyed. 00840_ Lgt. Assault Rifle destroyed. Map ----- +----------------------------------------------------+ | ?????????????????????????????????????????????????? | | ?????????????????????????????????????????????????? | | ?????????????????????????????????????????????????? | | ?????????????????????????????????????????????????? | | ?????????????????????????????????????????????????? | | ?????????????????????????????????????????????????? | | ?????????????????????????????????????????????????? | | ?????????????????????????????????????????????????? | | ?????????????????????????????????????????????????? | | ?????????????????????????????????????????????????? | | ?????????????????????????????????????????????????? | | ???????????????????????????###?###???????????????? | | ??????????????????????????? ? #???????????????? | | ???????????????????????#### ##^^ #???????????????? | | ??????????????????????## ^ # #???????????????? | | ???????????????????#### # #???????????????? | | ???????????????????? # #???????????????? | | ?????????????????????# ###?????????????? | | ?????????????????????# ^ #?????????????? | | ?????????????????????# #?????????????? | | ?????????????????????# #????????????????? | | ?????????????????????# ##????????????????? | | ?????????????????????## #####?????????????????? | | ??????????????????????### ##?????????????????????? | | ????????????????????????# #??????????????????????? | | ????????????????????????#@#??????????????????????? | | ????????????????????????#g#??????????????????????? | | ??????????????????????? !#??????????????????????? | | ????????????????????? ####??????????????????????? | | ??????????????????? ???????????????????????????? | | ????????????????? ????????????????????????????? | | ????????????????###??????????????????????????????? | | ?????????????????????????????????????????????????? | | ?????????????????????????????????????????????????? | | ?????????????????????????????????????????????????? | | ?????????????????????????????????????????????????? | | | | | | | | | | | | | | | | | | | | | | | | | | | | | +----------------------------------------------------+ Best States ------------- Heat Dissipation 25 Energy Generation 10 Energy Capacity 250 Matter Stores 300 Matter Capacity 300 Sight Range 16 Terrain Scan Density 10 ECM Strength 1 Evasion (%) 55 Item Schematics ----------------- None Robot Schematics ------------------ None Fabricated ------------ Nothing Alien Tech Used ----------------- None Achievements -------------- None Challenges ------------ None Game ------ Seed TacticalTeslaDetector Manual? 0 Play Time 00:05:56 Cumulative 15.9 hours Start 2023.11.20 @ 09:48:02 End 2023.11.20 @ 09:53:37 Sessions 1 Manual Loads 0 Difficulty Rogue Special Mode None Game No. 42 Rogue 42 Adventurer 0 Explorer 0 Win Type - Total 0 Types 0/0/0/0/0/0/0/0/0 Lore% 11 Gallery% 23 Achievement% 17 Wizard Run 0 Options --------- ASCII 0 Keyboard 0 Movement Vi Keybinds 0 Fullscreen 2 Font 14/TerminusBold Map View 72x54 Tactical HUD 1 Map Filters NONE Filters NONE Steam X RUN: b3ca3aec-4ba8-4690-a20e-ec3a786fb819